 Dungeon Crawl Stone Soup version 0.27.1 (webtiles) character file.

Game seed: 11639742735482852888

2452 ZARRMARR the Sneak (level 9, 0/59 HPs)
             Began as an Octopode Conjurer on Sept 4, 2021.
             Was a Follower of Sif Muna.
             Slain by a killer bee (1 damage)
             ... on level 9 of the Dungeon.
             The game lasted 00:44:48 (10066 turns).

ZARRMARR the Sneak (Octopode Conjurer)             Turns: 10066, Time: 00:44:49

Health: 0/59       AC:  1    Str:  6    XL:     9   Next: 50%
Magic:  0/16       EV: 15    Int: 35    God:    Sif Muna [*.....]
Gold:   136        SH:  0    Dex: 14    Spells: 12/18 levels left

rFire    . . .     SeeInvis +   g - +2 demon whip (elec)
rCold    + . .     Faith    .   (no shield)
rNeg     . . .     Spirit   +   (helmet restricted)
rPois    +         Reflect  .   x - amulet of guardian spirit
rElec    .         Harm     .   f - ring of poison resistance
rCorr    .         Rampage  .   b - ring of Newaoq {rC+ Int+5 Dex+4}
Will     .....                  m - ring of see invisible
Stlth    +++++.....             r - +6 ring of intelligence
HPRegen  0.19/turn              (no ring)
MPRegen  0.15/turn              (no ring)
                                (no ring)
                                (no ring)

@: lethally poisoned (0 -> -8), flying
A: almost no armour, amphibious, 8 rings, camouflage 1, gelatinous body 1,
(nimble swimmer 1), tentacles
a: Renounce Religion, Channel Magic


You were on level 9 of the Dungeon.
You worshipped Sif Muna.
Sif Muna was aware of your devotion.
You visited 2 branches of the dungeon, and saw 10 of its levels.

You collected 473 gold pieces.
You spent 337 gold pieces at shops.

Inventory:

Hand Weapons
 g - a +2 demon whip of electrocution (weapon)
Jewellery
 b - the ring of Newaoq (right tentacle) {rC+ Int+5 Dex+4}
   (You bought it in a shop on level 2 of the Dungeon)

   [ring of protection from cold]

   Int:       It affects your intelligence (+5).
   Dex:       It affects your dexterity (+4).
   rC:        It protects you from cold.
 f - a ring of poison resistance (left tentacle)
 m - a ring of see invisible (on tentacle)
 r - a +6 ring of intelligence (on tentacle)
 x - an amulet of guardian spirit (around mantle)
Wands
 e - a wand of digging (6)
 l - a wand of iceblast (6)
 w - a wand of charming (7)
Scrolls
 h - 2 scrolls of vulnerability {unknown}
 i - 2 scrolls of torment
 j - 3 scrolls of magic mapping
 n - 2 scrolls of teleportation {unknown}
 p - a scroll of enchant armour
 u - a scroll of blinking
 y - a scroll of acquirement {unknown}
Potions
 a - a potion of haste {unknown}
 c - a potion of ambrosia {unknown}
 d - a potion of heal wounds {unknown}
 k - a potion of berserk rage {unknown}
 o - a potion of resistance {unknown}
 q - 2 potions of curing {unknown}
 s - a potion of magic {unknown}
 t - a potion of flight
 v - a potion of attraction {unknown}


   Skills:
 + Level 4.5 Fighting
 + Level 4.5 Maces & Flails
 + Level 5.1 Dodging
 + Level 7.3 Stealth
 + Level 5.2 Spellcasting
 + Level 6.7 Conjurations
 + Level 1.6 Hexes
 + Level 1.5 Invocations


You had 12 spell levels left.
You knew the following spells:

 Your Spells              Type           Power      Damage    Failure   Level
a - Magic Dart            Conj           100%       1d8       1%          1
b - Searing Ray           Conj           100%       3d7       1%          2
c - Dazzling Flash        Conj/Hex       76%        N/A       2%          3

Your spell library contained the following spells:

 Spells                   Type           Power      Damage    Failure   Level
 Fulminant Prism          Conj/Hex       19%        3d11      7%          4
 Iskenderun's Mystic Bla  Conj/Tloc      32%        2d8       10%         4


Dungeon Overview and Level Annotations

Branches:
Dungeon (9/15)             Temple (1/1) D:6
   Lair: D:8-11         Orc: D:9-12

Altars:
Ashenzari
Dithmenos
Elyvilon
Fedhas
Gozag
Hepliaklqana
Kikubaaqudgha
Makhleb
Nemelex Xobeh
Okawaru
Qazlal
Ru
Sif Muna
Trog
Vehumet
Xom
Yredelemnul
Zin
The Shining One

Shops:
D:2 *   D:6 :   D:9 [

Annotations:
D:4 2 transporters
D:6 1 runed translucent door, Crazy Yiuf, Grinder
D:8 Harold


Innate Abilities, Weirdness & Mutations

You cannot wear most types of armour.
You are amphibious.
You can wear up to eight rings at the same time.
Your skin changes colour to match your surroundings (Stealth+).
Your rubbery body absorbs attacks. (AC +1, EV +1)
((You are camouflaged near water. (Stealth+)))
You have tentacles for arms and can constrict up to eight enemies at once.


Message History

The killer bee is lightly wounded.
You constrict the killer bee, but do no damage.
The killer bee closely misses you. x3; The killer bee misses you.
You release your grip on the killer bee.
Found a wavering zirconium amulet.
The killer bee barely misses you. The killer bee misses you.
The killer bee closely misses you. x2; The killer bee completely misses you.
The killer bee barely misses you. The killer bee closely misses you.
The killer bee completely misses you. The killer bee barely misses you.
The killer bee closely misses you. The killer bee misses you.
The killer bee stings you!
You are poisoned.
The killer bee poisons you!
You feel very sick. The killer bee stings you!
The killer bee barely misses you.
You feel sick. The killer bee stings you! The killer bee barely misses you.
The killer bee misses you. The killer bee closely misses you.
There is an escape hatch in the floor here.
You feel sick. The killer bee stings you. The killer bee stings you!
You are more poisoned.
The killer bee poisons you! The killer bee misses you.
The killer bee stings you.
* * * LOW HITPOINT WARNING * * *
The killer bee completely misses you. The killer bee stings you.
* * * LOW HITPOINT WARNING * * *
The killer bee stings you!
* * * LOW HITPOINT WARNING * * *
The killer bee closely misses you.
You slide downwards.
The hatch slams shut behind you.
* * * LOW HITPOINT WARNING * * *
You feel sick.
Found Cieki's Armour Shop.
Found an escape hatch in the floor.
It was a potion of flight.
You feel very buoyant.
You fly up into the air.
* * * LOW HITPOINT WARNING * * *
You feel sick. The killer bee stings you.
You die...

..y..+ y...
..y. ..y .Z#
######.##
#....yyy#
#....y@.#
#.............
#.......######
#.......#
.........#
##.♣.....#
#......>#
#♣∩♣#####


You could see 8 killer bees and a centaur zombie (dormant).

Vanquished Creatures
  Prince Ribbit (D:5)
  Eustachio (D:5)
  Menkaure (D:4)
  2 sky beasts (D:7)
  A hornet zombie (D:7)
  An ogre (D:5)
  A centaur (D:5)
  A phantom (D:7)
  A bullfrog (D:8)
  2 wyvern zombies
  2 scorpions (D:5)
  A wyvern skeleton (D:7)
  4 killer bees
  4 wights (D:7)
  A howler monkey (D:7)
  A jelly (D:6)
  2 centaur zombies
  3 hounds
  2 bullfrog skeletons
  2 gnoll shamans
  2 centaur skeletons
  An iguana (D:7)
  4 orc wizards
  A hound skeleton (D:5)
  12 gnolls
  A howler monkey skeleton (D:5)
  8 adders
  A shadow imp (D:5)
  A white imp (D:5)
  2 dart slugs
  3 worms
  11 orcs
  4 ball pythons
  5 bats
  3 endoplasms
  3 giant cockroaches
  6 goblins
  5 hobgoblins
  4 kobolds
  4 quokkas
  4 frilled lizards
  4 rats
123 creatures vanquished.

Notes
Turn   | Place    | Note
-------+----------+-------------------------------------------
     0 | D:1      | ZARRMARR the Octopode Conjurer began the quest for the Orb.
     0 | D:1      | Reached XP level 1. HP: 11/11 MP: 3/3
   420 | D:1      | Reached XP level 2. HP: 17/17 MP: 3/5
   811 | D:1      | Found a faded altar of an unknown god.
  1402 | D:2      | Found an ancient bone altar of Kikubaaqudgha.
  1585 | D:2      | Reached XP level 3. HP: 21/21 MP: 4/7
  1638 | D:2      | Found Hutiydgh's Assorted Antiques.
  2037 | D:2      | Reached XP level 4. HP: 27/27 MP: 3/8
  2048 | D:2      | Reached skill level 3 in Stealth
  3144 | D:3      | Reached XP level 5. HP: 32/32 MP: 6/9
  3234 | D:3      | Reached skill level 1 in Fighting
  3434 | D:4      | Found a transporter.
  3546 | D:4      | Found a transporter.
  3614 | D:2      | Bought a slimy lapis lazuli ring for 125 gold pieces
  3614 | D:2      | Identified the ring of Newaoq {rC+ Int+5 Dex+4} (You bought
                  | it in a shop on level 2 of the Dungeon)
  3618 | D:2      | Learned a level 2 spell: Searing Ray
  3650 | D:4      | Noticed Menkaure
  3703 | D:4      | Found a sparkling altar of Nemelex Xobeh.
  3726 | D:4      | Reached skill level 1 in Maces & Flails
  4202 | D:2      | Bought a scroll labelled VOIFAESSEVI for 25 gold pieces
  4452 | D:5      | Entered Level 5 of the Dungeon
  4457 | D:5      | Noticed a centaur
  4464 | D:5      | Killed a centaur
  4465 | D:5      | Reached skill level 5 in Conjurations
  4465 | D:5      | Reached XP level 6. HP: 38/38 MP: 4/11
  4628 | D:5      | Reached skill level 4 in Stealth
  4841 | D:5      | Reached XP level 7. HP: 45/45 MP: 4/12
  5311 | D:5      | Noticed Prince Ribbit
  5325 | D:5      | Killed Prince Ribbit
  5326 | D:5      | Reached skill level 5 in Stealth
  5455 | D:5      | Noticed Eustachio
  5485 | D:5      | Reached XP level 8. HP: 26/52 MP: 6/14
  5675 | D:5      | Killed Eustachio
  6039 | D:4      | Killed Menkaure
  6040 | D:4      | Reached skill level 6 in Stealth
  6465 | D:6      | Found a runed translucent door.
  6466 | D:6      | Noticed Crazy Yiuf
  6541 | D:6      | Noticed a troll
  6657 | D:6      | Found a staircase to the Ecumenical Temple.
  6801 | Temple   | Entered the Ecumenical Temple
  6872 | Temple   | Became a worshipper of Sif Muna the Loreminder
  6920 | D:6      | Found Tesearat's Book Boutique.
  7155 | D:6      | Found a shimmering altar of Xom.
  7158 | D:6      | Found a shimmering altar of Xom.
  7158 | D:6      | Found a shimmering altar of Xom.
  7580 | D:6      | Noticed Grinder
  8103 | D:7      | Noticed a manticore
  8309 | D:7      | Reached XP level 9. HP: 58/58 MP: 12/16
  8599 | D:7      | Learned a level 3 spell: Dazzling Flash
  8644 | D:7      | Reached skill level 7 in Stealth
  8647 | D:7      | Reached skill level 5 in Spellcasting
  8752 | D:7      | Found a burning altar of Makhleb.
  8755 | D:7      | Reached skill level 1 in Hexes
  8991 | D:7      | Reached skill level 1 in Invocations
  9099 | D:7      | Found an iron altar of Okawaru.
  9101 | D:7      | Found a stormy altar of Qazlal.
  9116 | D:7      | Reached * piety under Sif Muna
  9117 | D:7      | Reached skill level 5 in Dodging
  9370 | D:2      | Bought a scroll of blinking for 187 gold pieces
 10049 | D:8      | Noticed Harold
 10065 | D:9      | Found Cieki's Armour Shop.
 10066 | D:9      | HP: 1/59 [poisoned by a killer bee]
 10066 | D:9      | Slain by a killer bee

Illustrated notes

Levels and vault maps discovered:
D:1:      dpeg_arrival_circle_labyrinth_c, layout_loops_corners,
          basic_ecumenical_altar, hangedman_decor_slide_cut
D:2:      layout_basic, basic_altar, serial_shops, nicolae_shop_statue_plus
D:3:      layout_basic
D:4:      gammafunk_steamed_eel, layout_rooms,
          mainiacjoe_overflow_cross_hatched, uniq_menkaure
D:5:      layout_rooms, grunt_ministairs_7, serial_park_tiny_2,
          uniq_prince_ribbit1, uniq_eustachio
D:6:      layout_layer_cave, xom_redecorated, minmay_temple_entry_large_hall,
          serial_shops, shop, uniq_grinder, uniq_crazy_yiuf_cottage
D:7:      layout_loops_cross, chequers_temple_overflow_statue_of_worship,
          kennysheep_mini_moat, nicolae_wu_jian_glorious_leap,
          grunt_ministairs_7
D:8:      layout_basic, kennysheep_slug_shrine, small_chamber_with_monster,
          uniq_harold
D:9:      layout_roguey, kennysheep_mini, erik_lair_island,
          minmay_orc_entry_guard_dogs, gammafunk_ghost_arena, serial_shops,
          nicolae_shop_trees, shop, shop, shop
Temple:   zaba_magenta_temple

Skill      XL: |  1  2  3  4  5  6  7  8  9 |
---------------+----------------------------+-----
Spellcasting   | 3 4 5 |  5.2
Stealth        | 3 4 5 6 7 |  7.3
Fighting       | 1 2 3 4 |  4.5
Maces & Flails | 1 2 4 |  4.5
Conjurations   | 5 6 |  6.7
Dodging        | 3 4 5 |  5.1
Hexes          | 1 |  1.6
Invocations    | 1 |  1.5

Action                   |  1- 3 |  4- 6 |  7- 9 || total
-------------------------+-------+-------+-------++-------
Melee: Constrict         |     1 |     6 |     9 ||    16
       Unarmed           |     1 |       |       ||     1
       Demon whip        |       |    21 |    67 ||    88
       Tentacles         |       |     2 |     9 ||    11
 Cast: Magic Dart        |    52 |    50 |    77 ||   179
       Searing Ray       |       |    12 |    51 ||    63
  Use: Scroll            |     3 |     4 |     1 ||     8
       Potion            |       |       |     1 ||     1
 Stab: Sleeping          |       |       |     2 ||     2
Armor: Skin              |       |       |     3 ||     3
Dodge: Dodged            |     1 |    16 |    64 ||    81
